 Dungeon Crawl Stone Soup version 0.26-a0-665-gefeb406119 (webtiles) character file.

Game seed: 13929321103307107113

46 dickylongcocking the Charlatan (level 3, -6/17 HPs)
             Began as a Spriggan Artificer on Oct 14, 2020.
             Mangled by an iguana (11 damage)
             ... on level 2 of the Dungeon.
             The game lasted 00:01:32 (2293 turns).

dickylongcocking the Charlatan (Spriggan Artificer) Turns: 2293, Time: 00:01:33

Health: -6/17      AC:  3    Str:  8    XL:     3   Next: 44%
Magic:  4/4        EV: 20    Int: 13    God:
Gold:   51         SH:  0    Dex: 16    Spells: 2/2 levels left

rFire    . . .     SeeInvis +   g - +0 short sword
rCold    . . .     Faith    .   (shield restricted)
rNeg     . . .     Spirit   .   b - +0 robe
rPois    .         Reflect  .   (helmet restricted)
rElec    .         Harm     .   l - +0 cloak (curse)
rCorr    .         Rampage  .   (gloves unavailable)
MR       .....                  (boots unavailable)
Stlth    ++........             (no amulet)
HPRegen  0.05/turn              (no ring)
MPRegen  0.09/turn              (no ring)

@: very quick
A: very small, unfitting armour, see invisible, speed 3
a: no special abilities


You were on level 2 of the Dungeon.
You visited 1 branch of the dungeon, and saw 2 of its levels.

You collected 51 gold pieces.

Inventory:

Hand Weapons
 a - a +0 club
 g - a +0 short sword (weapon)
Armour
 b - a +0 robe (worn)
 l - a cursed +0 cloak (worn)
Wands
 c - a wand of flame (7)
 d - a wand of enslavement (15)
 e - a wand of random effects (14)
Scrolls
 k - a scroll of identify {unknown}
 m - a scroll of enchant armour {unknown}
 n - a scroll of remove curse {unknown}
Potions
 f - 2 potions of heal wounds {unknown}
 h - a potion of mutation {unknown}
 i - 2 potions of flight {unknown}
 j - a potion of curing {unknown}


   Skills:
 - Level 0.7 Fighting
 * Level 4.7 Dodging
 * Level 2.7 Stealth
 * Level 4.9 Evocations


You had 2 spell levels left.
You didn't know any spells.
Your spell library was empty.

Dungeon Overview and Level Annotations

Branches:
Dungeon (2/15)

Altars:


Innate Abilities, Weirdness & Mutations

You are very small and have problems with some larger weapons.
You are too small for most types of armour.
You have supernaturally acute eyesight. (SInv)
You cover ground extremely quickly.


Message History

Key pressed, stopping explore.
You start resting.
HP restored.
n - a scroll labeled CICITOS HYFO
Found 19 poisoned darts.
No target in view!
An iguana comes into view.
An iguana is nearby!
An iguana is nearby!
The helpless iguana fails to defend itself.
You hit the iguana.
The iguana is heavily wounded.
The iguana bites you!
Ouch! That really hurt!
* * * LOW HITPOINT WARNING * * *
You hit the iguana but do no damage.
The iguana is heavily wounded.
The iguana bites you!
Ouch! That really hurt!
You die...

#..........
...........
#.#####.... ###
#.### ...
####.###
.#.#.##.......
........######
#############..#
#..l@.(.....#..#
#.####.####.#..#
#.# #..#
#.#.####..#
#.#.......#
######.######..#
................#
................#
#################


You could see an iguana.

Vanquished Creatures
  A gnoll (D:1)
  An adder (D:2)
  2 worms (D:2)
  2 bats (D:2)
  A giant cockroach (D:2)
  5 hobgoblins
  A frilled lizard (D:1)
  2 goblins (D:1)
  4 kobolds (D:1)
  4 rats
23 creatures vanquished.

Notes
Turn   | Place    | Note
-------+----------+-------------------------------------------
     0 | D:1      | dickylongcocking the Spriggan Artificer began the quest for
                  | the Orb.
     0 | D:1      | Reached XP level 1. HP: 9/9 MP: 2/2
    49 | D:1      | Reached XP level 2. HP: 14/14 MP: 3/3
  1660 | D:2      | Reached XP level 3. HP: 12/17 MP: 4/4
  2293 | D:2      | Mangled by an iguana

Illustrated notes

Levels and vault maps discovered:
D:1:      evilmike_arrival_fibonacci_small, layout_basic
D:2:      layout_loops_ring, roderic_lattice_a, minmay_unequal

Skill      XL: |  1  2 |
---------------+-------+-----
Dodging        | 4 |  4.7
Stealth        | 2 |  2.7
Fighting       | |  0.7
Evocations     | |  4.9

Action                   || total
-------------------------++-------
Melee: Club              ||     8
       Short sword       ||    91
Evoke: Wand              ||     9
 Stab: Sleeping          ||     4
Armor: Robe              ||     7
Dodge: Dodged            ||    98

Table legend: (Time is in decaauts)
 A = Elapsed time spent in this place.
 B = Non-inter-level travel time spent in this place.
 C = Inter-level travel time spent in this place.
 D = Time resting spent in this place.
 E = Time spent auto-exploring this place.
 F = Levels seen in this place.
 G = Mean time per level.
                   A        B        C        D        E       F      G
               +--------+--------+--------+--------+--------+-----+--------+
         Total |   1990 |   1917 |     73 |    737 |    946 |   2 |  995.0 |
       Dungeon |   1990 |   1917 |     73 |    737 |    946 |   2 |  995.0 |
               +--------+--------+--------+--------+--------+-----+--------+

Top non-repeatable levels by time:
     D:1: 1538 daAuts
     D:2: 452 daAuts
